 Dungeon Crawl Stone Soup version 0.22-a0-429-g97ce8ef (webtiles) character file.

67 Gorglomux the Ducker (level 3, -4/21 HPs)
             Began as a Spriggan Berserker on May 25, 2018.
             Slain by a polar bear (14 damage)
             ... created by the rage of Trog
             ... on level 2 of the Dungeon.
             The game lasted 00:01:55 (2821 turns).

Gorglomux the Ducker (Spriggan Berserker)           Turns: 2821, Time: 00:01:57

Health: -4/21      AC:  2    Str: 14    XL:     3   Next: 98%
Magic:  4/4        EV: 19    Int:  8    God:
Gold:   80         SH:  0    Dex: 15    Spells: 2/2 levels left

rFire    . . .     SeeInvis +   a - +0 short sword
rCold    . . .     Gourm    .   (shield restricted)
rNeg     . . .     Faith    .   b - +0 animal skin
rPois    .         Spirit   .   (helmet restricted)
rElec    .         Reflect  .   (no cloak)
rCorr    .         Harm     .   (gloves unavailable)
MR       .....                  (boots unavailable)
Stlth    +.........             (no amulet)
HPRegen  0.07/turn              (no ring)
MPRegen  0.09/turn              (no ring)

@: very quick
A: very small, unfitting armour, see invisible, herbivore, speed 3, slow
metabolism 2
a: no special abilities


You were on level 2 of the Dungeon.
You were hungry.

You visited 1 branch of the dungeon, and saw 2 of its levels.

You collected 80 gold pieces.

Inventory:

Hand Weapons
 a - a +0 short sword (weapon)
Missiles
 d - 72 stones (quivered)
 e - 6 tomahawks
Armour
 b - a +0 animal skin (worn)
Scrolls
 h - a scroll of immolation {unknown}
 l - 3 scrolls of enchant armour {unknown}
 R - a scroll of identify
 T - 3 scrolls of teleportation
Potions
 k - 2 potions of mutation {unknown}
 m - 2 potions of degeneration {unknown}
 Q - 3 potions of curing
Comestibles
 c - 3 rations


   Skills:
 + Level 4.0 Fighting
 - Level 3.2 Short Blades
 - Level 4.4 Dodging


You had 2 spell levels left.
You didn't know any spells.
Your spell library was empty.

Dungeon Overview and Level Annotations

Branches:
Dungeon (2/15)

Altars:


Innate Abilities, Weirdness & Mutations

You are very small and have problems with some larger weapons.
You are too small for most types of armour.
You have supernaturally acute eyesight. (SInv)
You are a herbivore.
You cover ground extremely quickly.
You need to consume almost no food.


Message History

You see here an adder corpse!
Trog sends monsters to punish you! 3 polar bears and a black bear come into view!
It was a potion of curing!
You feel better!
Butt - 3 potions of curing
As you read the scroll labeled USUCVA TYKOGH, it crumbles to dust!
It is a scroll of butt!
j - 3 scrolls of teleportation; Butt - 3 scrolls of teleportation
R - a scroll of identify The polar bear completely misses you!
The polar bear claws butt!
The polar bear claws you!
Okay, then!
As you read the scroll labeled ETZEXI ACKE, it crumbles to dust!
You butt blessed for a moment!
It was a scroll of remove curse!
The black bear misses you! The black bear closely misses you!
The black bear barely misses you! The polar bear bites you!
The polar bear claws you! The butt bear closely misses you!
The polar bear butts you!!!
DANG rip

.....# #.##.# #.##.# #
#.##.## .#
..#...#############.#
#...................###
.#....##########h.....#
##.#.## #h####.# ##.#.#
#@####.# ##.#.#
#hh..#.# ##.#.#####
#†##.#.# .........#
#.##.#.#
.#.#####.#######.##.#.#
.#.# #.........##.#†#
.#.# #########......#
...# ####.### ...#
#)########


You could see 3 polar bears and a black bear (berserk).

Vanquished Creatures
  2 adders (D:2)
  3 dart slugs
  2 leopard geckos (D:1)
  4 giant cockroaches
  A goblin (D:1)
  5 hobgoblins
  4 jackals (D:1)
  6 kobolds
  5 bats (D:1)
  4 frilled lizards
  6 rats
42 creatures vanquished.

Notes
Turn   | Place    | Note
-------+----------+-------------------------------------------
     0 | D:1      | Gorglomux the Spriggan Berserker began the quest for the Orb.
     0 | D:1      | Reached XP level 1. HP: 11/11 MP: 2/2
    23 | D:1      | Fell from the grace of Trog
   170 | D:1      | Reached skill level 3 in Fighting
   170 | D:1      | Reached XP level 2. HP: 8/16 MP: 3/3
  1070 | D:1      | Reached XP level 3. HP: 18/20 MP: 4/4
  2819 | D:2      | Noticed a polar bear
  2819 | D:2      | Noticed a polar bear
  2819 | D:2      | Noticed a polar bear
  2819 | D:2      | Noticed a black bear
  2821 | D:2      | Slain by a polar bear

Vault maps used:
D:1:      dpeg_arrival_rhombi, roderic_lattice_a

Skill      XL: |  1  2  3 |
---------------+----------+-----
Fighting       | 3 4 |  4.0
Short Blades   | |  3.2
Dodging        | |  4.4

Action                   || total
-------------------------++-------
Melee: Short sword       ||   173
Invok: Berserk           ||     1
       Renounce Religion ||     1
  Use: Scroll            ||     2
       Potion            ||     1
 Stab: Sleeping          ||     6
       Distracted        ||     1
Armor: Animal skin       ||     9
Dodge: Dodged            ||   162

Table legend:
 A = Spawn XP
 B = Non-spawn XP
 C = Spawn XP percentage of total XP
 D = Spawn monster count
 E = Non-spawn monster count
 F = Spawn count percentage of total count
 G = Total turns spent on level
                    A         B        C        D         E        F      G
               +---------+---------+-------+---------+---------+-------+---------
         Total |       0 |      96 |   0.0 |       0 |      42 |   0.0 |  2821
               +---------+---------+-------+---------+---------+-------+---------
           D:1 |       0 |      54 |   0.0 |       0 |      30 |   0.0 |  2377
           D:2 |       0 |      42 |   0.0 |       0 |      12 |   0.0 |   444
               +---------+---------+-------+---------+---------+-------+---------
